 Dungeon Crawl Stone Soup version 0.22-a0-456-g11ed031 (webtiles) character file.

16247 HammerPanzer the Carver (level 12, -26/110 HPs)
             Began as a Yellow Draconian Berserker on June 7, 2018.
             Was a High Priest of Trog.
             Annihilated by a titanic slime creature (94 damage)
             ... on level 14 of the Dungeon.
             The game lasted 00:47:25 (15678 turns).

HammerPanzer the Carver (DrBe)                     Turns: 15678, Time: 00:47:27

Health: -26/110    AC: 11    Str: 23    XL:     12   Next: 8%
Magic:  4/4        EV: 18    Int:  7    God:    Trog [*****.]
Gold:   1259       SH:  4    Dex: 13    Spells: 11/11 levels left

rFire    . . .     SeeInvis .   E - +3 scimitar (antimagic)
rCold    . . .     Gourm    .   (no shield)
rNeg     . . .     Faith    .   (armour unavailable)
rPois    .         Spirit   .   (helmet restricted)
rElec    .         Reflect  +   j - +1 cloak
rCorr    +         Harm     .   o - +0 pair of gloves
MR       +....                  (no boots)
Stlth    +.........             m - +4 amulet of reflection
HPRegen  0.28/turn              d - ring of flight
MPRegen  0.09/turn              F - ring of protection from magic

@: no status effects
A: spit acid, acid resistance, unfitting armour, cold-blooded, AC +8
a: Breathe Acid, Berserk, Trog's Hand, Brothers in Arms, Renounce Religion,
Evoke Flight


You were on level 14 of the Dungeon.
You worshipped Trog.
Trog was extremely pleased with you.
You were hungry.

You visited 1 branch of the dungeon, and saw 13 of its levels.
You also visited: Ossuary and Bailey.

You collected 1259 gold pieces.

Inventory:

Hand Weapons
 c - a +0 long sword of protection
 B - a +0 long sword of flaming
 E - a +3 antimagic scimitar (weapon)
 H - a +0 long sword of slicing
Missiles
 C - 32 tomahawks of returning (quivered)
Armour
 j - a +1 cloak (worn)
 o - a +0 pair of gloves (worn)
 J - a +2 buckler of protection
Jewellery
 d - a ring of flight (left hand)
 l - an uncursed ring of stealth
 m - a +4 amulet of reflection (around neck)
 q - an uncursed ring of positive energy
 w - an uncursed ring of see invisible
 F - a ring of protection from magic (right hand)
 I - a +2 ring of protection {unknown}
Wands
 g - a wand of polymorph (21)
 n - a wand of flame (20)
 p - a wand of scattershot (7)
 D - a wand of paralysis (33)
Scrolls
 e - 6 scrolls of blinking
 f - 3 scrolls of remove curse
 r - 3 scrolls of enchant armour
 v - a scroll of fear
 x - 7 scrolls of identify
 y - a scroll of teleportation
 G - a scroll of magic mapping
Potions
 a - 3 potions of agility
 h - 2 potions of resistance
 i - 7 potions of curing
 k - 3 potions of haste
 s - 2 potions of heal wounds
 t - 2 potions of mutation
 u - a potion of might
 z - a potion of brilliance
 A - a potion of ambrosia
Comestibles
 b - 10 rations


   Skills:
 + Level 11.3 Fighting
 * Level 13.9 Long Blades
 + Level 9.6 Dodging


You had 11 spell levels left.
You didn't know any spells.
Your spell library was empty.

Dungeon Overview and Level Annotations

Branches:
Dungeon (12/15)            Temple (0/1) D:4            Lair (0/6) D:10
    Orc (0/2) D:10

Altars:
Ashenzari
Fedhas
Gozag
Qazlal
Ru
Sif Muna
Trog
Vehumet
Yredelemnul
The Shining One
Beogh


Innate Abilities, Weirdness & Mutations

You can spit globs of acid.
You are resistant to acid.
Your golden yellow scales are hard. (AC +8)
You cannot fit into any form of body armour.
You are cold-blooded and may be slowed by cold attacks.


Message History

You completely miss the titanic slime creature.
You tail-slap the titanic slime creature.
The titanic slime creature is heavily wounded.
You slice the titanic slime creature!!
The titanic slime creature is heavily wounded.
The titanic slime creature hits you!
You slice the titanic slime creature!!
The titanic slime creature is severely wounded.
You barely miss the titanic slime creature.
The titanic slime creature is severely wounded.
You are feeling hungry.
You block the titanic slime creature's attack.
The crimson imp blinks!
You slash the titanic slime creature!
You tail-slap the titanic slime creature, but do no damage.
The titanic slime creature is severely wounded.
A redback zombie comes into view.
The titanic slime creature hits you!!!!
Ouch! That really hurt!
You die...

#.# #.# ### #.# ..# #.#
#.# #.# #.# #.# #.# #.#
..###########.# ##.##
.....§J@5..##.###...####
Z.##.#####.##.#.....^.).
#.##.......###.
#.....#........
#.#.#...#......
#.(.##.#######.
........# #. ..#####..#
#. ## #### ##


You could see a titanic slime creature, a crimson imp and a redback zombie
(wandering).

Vanquished Creatures
  A hydra (D:11)
  A two-headed ogre (D:8)
  A deep elf mage (D:14)
  3 orc knights
  The ghost of Soeti the Insei, a novice OpTm (D:5)
  A gargoyle (D:14)
  2 trolls (D:10)
  Grinder (D:3)
  A hornet (D:11)
  A hippogriff (D:7)
  7 slime creatures
  A vampire (D:10)
  A basilisk (D:11)
  6 yaks (D:9)
  3 hungry ghosts
  4 water moccasins
  12 orc warriors
  5 ice beasts
  A black bear (D:12)
  2 eyes of draining
  2 phantoms
  A sky beast (D:10)
  A wolf (D:10)
  9 ogres
  4 boggarts (D:14)
  3 centaurs
  A necrophage (D:7)
  A crocodile (D:11)
  A big kobold (D:11)
  8 bullfrogs
  9 scorpions
  3 wights (D:7)
  15 killer bees
  8 howler monkeys
  2 electric eels (D:10)
  4 crimson imps
  A bullfrog zombie (D:8)
  A centaur zombie (Ossuary)
  A centaur skeleton (D:4)
  4 jellies
  8 orc priests
  14 hounds
  11 orc wizards
  Jessica (D:3)
  3 bullfrog skeletons
  2 iguanas
  Ijyb (D:3)
  Terence (D:2)
  10 worker ants
  5 big kobold zombies (Ossuary)
  A hound zombie (D:9)
  2 hound skeletons
  6 mummies
  Robin (D:2)
  6 gnolls
  8 adders
  2 shadow imps
  3 adder skeletons
  2 worms
  2 dart slugs
  4 leopard geckos
  74 orcs
  8 giant cockroaches
  25 goblins
  6 hobgoblins
  7 jackals
  17 kobolds
  3 quokkas
  7 bats
  8 frilled lizards
  3 hobgoblin zombies (Ossuary)
  A leopard gecko skeleton (D:7)
  A quokka skeleton (D:4)
  A quokka zombie (D:8)
  5 rats
393 creatures vanquished.

Vanquished Creatures (others)
  A kobold (Bailey)
1 creature vanquished.

Grand Total: 394 creatures vanquished

Notes
Turn   | Place    | Note
-------+----------+-------------------------------------------
     0 | D:1      | HammerPanzer the Draconian Berserker began the quest for the Orb.
     0 | D:1      | Reached XP level 1. HP: 19/19 MP: 1/1
    49 | D:1      | Reached XP level 2. HP: 23/26 MP: 2/2
    93 | D:1      | Found a glowing golden altar of the Shining One.
   704 | D:1      | Reached XP level 3. HP: 33/33 MP: 3/3
   713 | D:1      | Reached ** piety under Trog
  1298 | D:2      | Found a deep blue altar of Sif Muna.
  1298 | D:2      | Noticed Robin
  1313 | D:2      | Reached skill level 4 in Long Blades
  1320 | D:2      | Killed Robin
  1320 | D:2      | Reached XP level 4. HP: 22/40 MP: 4/4
  1740 | D:2      | Noticed Terence
  1747 | D:2      | Killed Terence
  2046 | D:3      | Noticed Jessica
  2047 | D:3      | Noticed Ijyb
  2053 | D:3      | Killed Jessica
  2065 | D:3      | Killed Ijyb
  2065 | D:3      | Reached XP level 5. HP: 42/46 MP: 2/5
  2187 | D:3      | Reached *** piety under Trog
  2279 | D:3      | Noticed Grinder
  2293 | D:3      | Killed Grinder
  2293 | D:3      | Reached skill level 5 in Long Blades
  2293 | D:3      | Reached XP level 6. HP: 55/55 MP: 6/6
  2502 | D:3      | Found a blossoming altar of Fedhas.
  2505 | D:3      | Found a basalt altar of Yredelemnul.
  2505 | D:3      | Found a shattered altar of Ashenzari.
  2798 | D:4      | Found a stormy altar of Qazlal.
  2867 | D:4      | Found a staircase to the Ecumenical Temple.
  2872 | D:4      | Reached skill level 5 in Fighting
  3224 | D:4      | Reached skill level 6 in Long Blades
  3326 | D:4      | Your scales start taking on a golden yellow colour.
  3326 | D:4      | Reached XP level 7. HP: 61/61 MP: 7/7
  3615 | D:5      | Entered Level 5 of the Dungeon
  3646 | D:5      | Reached skill level 7 in Long Blades
  3656 | D:5      | Reached skill level 5 in Dodging
  3656 | D:5      | Reached XP level 8. HP: 25/70 MP: 8/8
  3666 | D:5      | HP: 3/70 [poisoned by a water moccasin]
  4432 | D:5      | Noticed Soeti's ghost (novice OpTm)
  4442 | D:5      | Killed Soeti's ghost
  4442 | D:5      | Reached skill level 8 in Long Blades
  4684 | D:5      | Reached **** piety under Trog
  4933 | D:6      | Reached XP level 9. HP: 57/79 MP: 9/9
  5124 | D:6      | Reached skill level 9 in Long Blades
  5701 | D:6      | Found an opulent altar of Gozag.
  5712 | D:6      | Found a radiant altar of Vehumet.
  5713 | D:6      | Found a bloodstained altar of Trog.
  5786 | D:6      | Found a basalt altar of Yredelemnul.
  6422 | D:7      | Found a sand-covered staircase.
  6437 | Ossuary  | Entered an ossuary
  6689 | Ossuary  | Reached skill level 10 in Long Blades
  7590 | D:8      | Reached ***** piety under Trog
  7590 | D:8      | Reached XP level 10. HP: 83/90 MP: 10/10
  7590 | D:8      | Noticed a two-headed ogre
  7597 | D:8      | Killed a two-headed ogre
  7679 | D:8      | Reached skill level 11 in Long Blades
  8532 | D:8      | Found a sacrificial altar of Ru.
  9451 | D:9      | Received a gift from Trog
 10011 | D:9      | Reached skill level 12 in Long Blades
 11082 | D:10     | Entered Level 10 of the Dungeon
 11087 | D:10     | Reached XP level 11. HP: 99/99 MP: 11/11
 11135 | D:10     | Reached skill level 10 in Fighting
 11514 | D:10     | Received a gift from Trog
 11896 | D:10     | Found a staircase to the Lair.
 12287 | D:10     | Noticed an orc knight
 12287 | D:10     | Found a roughly hewn altar of Beogh.
 12409 | D:10     | Noticed an orc knight
 12425 | D:10     | Killed an orc knight
 12764 | D:10     | Killed an orc knight
 13035 | D:10     | Found a staircase to the Orcish Mines.
 13390 | D:11     | Noticed a four-headed hydra
 13527 | D:11     | Killed a one-headed hydra
 13527 | D:11     | Reached skill level 13 in Long Blades
 14019 | D:11     | Received a gift from Trog
 14349 | D:11     | Found a stormy altar of Qazlal.
 14719 | D:12     | Found a flagged portal.
 14763 | Bailey   | Entered a bailey
 14944 | Bailey   | Noticed an orc knight
 14958 | Bailey   | Killed an orc knight
 15043 | Bailey   | Found a bloodstained altar of Trog.
 15199 | D:12     | You fall through a shaft for 2 floors!
 15329 | D:14     | Reached XP level 12. HP: 110/110 MP: 4/12
 15678 | D:14     | Annihilated by a titanic slime creature

Vault maps used:
D:1:      doesnt_arrival_eight_statues, tso_metal_star
D:2:      nicolae_overflow_crystal_walls, uniq_terence, uniq_robin
D:3:      grunt_temple_overflow_open, kennysheep_generic_room_2, uniq_grinder,
          uniq_ijyb, uniq_jessica
D:4:      cheibrodos_barr_body, minmay_temple_entry_statues_fountains,
          first_ration, nicolae_qazlal_general_emergency
D:5:      minmay_opposing_rooms
D:6:      minitemple, basic_altar
D:7:      gup_ossuary_entry_pyramid, skrybe_limestone_x, st_stairs_8
D:8:      nicolae_ru_path_of_blood, grunt_pizzeria
D:9:      special_room
D:10:     erik_lair_island, david_orc_5, serial_bayou_pond_d
D:11:     kennysheep_flooded_box, abandoned_shop
D:12:     serial_shops, kennysheep_mini, enter_bailey_7
D:14:     lemuel_coloured_pillars_altar
Ossuary:  ossuary_the_hunt_dpeg
Bailey:   bailey_axe_3, bailey

Skill      XL: |  1  2  3  4  5  6  7  8  9 10 11 |
---------------+----------------------------------+-----
Dodging        | 3 4 5 6 7 8 9 |  9.6
Long Blades    | 4 5 6 7 8 10 12 13 | 13.9
Fighting       | 4 5 6 7 8 9 11 | 11.3

Action                   |  1- 3 |  4- 6 |  7- 9 | 10-12 || total
-------------------------+-------+-------+-------+-------++-------
Melee: Falchion          |    81 |    86 |   448 |    59 ||   674
       Tailslap          |    13 |    14 |   101 |   127 ||   255
       Scimitar          |       |       |       |   481 ||   481
       Long sword        |       |       |       |   159 ||   159
Throw: Tomahawk          |       |       |       |     9 ||     9
Invok: Berserk           |     1 |     3 |     8 |    14 ||    26
 Abil: Breathe Acid      |       |       |    11 |    20 ||    31
       Evoke Flight      |       |       |       |     2 ||     2
  Use: Scroll            |     4 |     1 |    14 |     6 ||    25
       Potion            |       |       |     2 |     5 ||     7
 Stab: Sleeping          |     1 |     2 |     4 |     4 ||    11
       Distracted        |       |       |     1 |     1 ||     2
       Held in net/web   |       |       |     4 |       ||     4
  Eat: Chunk             |     1 |    10 |    17 |    29 ||    57
       Ration            |       |       |     2 |     5 ||     7
Armor: Skin              |    21 |    35 |    76 |   123 ||   255
Dodge: Dodged            |    57 |    50 |   240 |   388 ||   735
Block: Other             |       |       |    50 |    90 ||   140
       Reflection        |       |       |     1 |    13 ||    14
       Rpst.: Falchion   |    14 |    18 |    73 |    11 ||   116
       Scimitar          |       |       |       |    81 ||    81
       Long sword        |       |       |       |    32 ||    32

Table legend:
 A = Spawn XP
 B = Non-spawn XP
 C = Spawn XP percentage of total XP
 D = Spawn monster count
 E = Non-spawn monster count
 F = Spawn count percentage of total count
 G = Total turns spent on level
                    A         B        C        D         E        F      G
               +---------+---------+-------+---------+---------+-------+---------
         Total |       0 |   23211 |   0.0 |       0 |     394 |   0.0 | 15678
               +---------+---------+-------+---------+---------+-------+---------
           D:1 |       0 |      46 |   0.0 |       0 |      27 |   0.0 |   907
           D:2 |       0 |     110 |   0.0 |       0 |      28 |   0.0 |  1102
           D:3 |       0 |     395 |   0.0 |       0 |      17 |   0.0 |   715
           D:4 |       0 |     582 |   0.0 |       0 |      15 |   0.0 |   891
           D:5 |       0 |    1554 |   0.0 |       0 |      23 |   0.0 |  1243
           D:6 |       0 |    1172 |   0.0 |       0 |      21 |   0.0 |  1357
           D:7 |       0 |     935 |   0.0 |       0 |      14 |   0.0 |   918
           D:8 |       0 |    2593 |   0.0 |       0 |      35 |   0.0 |  1440
           D:9 |       0 |    3277 |   0.0 |       0 |      68 |   0.0 |  2650
          D:10 |       0 |    4266 |   0.0 |       0 |      54 |   0.0 |  1749
          D:11 |       0 |    2495 |   0.0 |       0 |      30 |   0.0 |  1247
          D:12 |       0 |    2019 |   0.0 |       0 |      21 |   0.0 |   220
          D:14 |       0 |    2455 |   0.0 |       0 |      11 |   0.0 |   479
       Ossuary |       0 |     263 |   0.0 |       0 |      14 |   0.0 |   346
        Bailey |       0 |    1049 |   0.0 |       0 |      16 |   0.0 |   414
               +---------+---------+-------+---------+---------+-------+---------
